 Dungeon Crawl Stone Soup version 0.30-a0-782-ge64f9170bb (webtiles) character file.

Game seed: 4963689614416927584

593 112233 the Gusty (level 7, -5/38 HPs)
             Began as a Tengu Air Elementalist on Mar 1, 2023.
             Slain by a gnoll
             ... wielding a +0 halberd of protection
             ... led by a gnoll sergeant
              (13 damage)
             ... on level 4 of the Dungeon.
             The game lasted 00:06:34 (4739 turns).

112233 the Gusty (Tengu Air Elementalist)           Turns: 4739, Time: 00:06:35

Health: -5/38      AC:  3    Str:  8    XL:     7   Next: 39%
Magic:  8/13       EV: 16    Int: 18    God:
Gold:   252        SH:  0    Dex: 14    Spells: 6/13 levels left

rFire   . . .      SeeInvis .    c - +0 long sword
rCold   . . .      Faith    .    (no shield)
rNeg    . . .      Spirit   .    a - +0 robe
rPois   .          Reflect  .    (helmet restricted)
rElec   .          Harm     .    (no cloak)
rCorr   .          Rampage  .    g - +0 pair of gloves
Will    .....                    (boots unavailable)
Stlth   ++                       (no amulet)
HPRegen 0.26/turn                (no ring)
MPRegen 0.13/turn                (no ring)

@: flying quickly and evasively, hasted, very quick
A: beak, talons 3, nimble flight
a: no special abilities


You were on level 4 of the Dungeon.
You visited 1 branch of the dungeon, and saw 4 of its levels.
You also visited: Ossuary.

You collected 252 gold pieces.

Inventory:

Hand Weapons
 c - a +0 long sword (weapon)
 m - a +4 heavy sling
Armour
 a - a +0 robe (worn)
 b - a +1 hat
 g - a +0 pair of gloves (worn)
Jewellery
 j - a +6 ring of intelligence
 p - a ring of willpower
Scrolls
 d - 6 scrolls of identify {unknown}
 e - 2 scrolls of enchant weapon {unknown}
 h - a scroll of blinking {unknown}
 i - a scroll of poison {unknown}
 l - a scroll of fog {unknown}
 q - a scroll of noise {unknown}
Potions
 f - 3 potions of brilliance
 k - 4 potions of curing {unknown}
 o - 2 potions of flight {unknown}


   Skills:
 + Level 1.6 Fighting
 + Level 4.5 Dodging
 - Level 2.0 Stealth
 + Level 3.8 Spellcasting
 + Level 5.0 Conjurations
 + Level 6.2 Air Magic


You had 6 spell levels left.
You knew the following spells:

 Your Spells              Type           Power      Damage    Failure   Level
a - Shock                 Conj/Air       92%        1d8       1%          1
b - Static Discharge      Conj/Air       46%        2-4/arc   2%          2
c - Airstrike             Air            13%        2d(2-18)  12%         4

Your spell library contained the following spells:

 Spells                   Type           Power      Damage    Failure   Level
 Swiftness                Air            26%        N/A       3%          3


Dungeon Overview and Level Annotations

Branches:
Dungeon (4/15)            Ossuary (visited)
 Temple: D:4-7

Altars:
Qazlal
The Shining One

Shops:
D:2 =   D:3 :


Innate Abilities, Weirdness & Mutations

You have a beak for a mouth.
You have claws for feet.
Your magical nature lets you fly swiftly and evasively.


Message History

The zap misses the gnoll.
The zap hits the gnoll!
You kill the gnoll!
The gnoll misses you.
Your Conjurations skill increases to level 5!
Unknown command.
Casting: Shock (safe; 1% risk of failure)
Confirm with . or Enter, or press ? or * to list all spells.
Aiming: Shock (safe; 1% risk of failure)
Press: ? - help, Shift-Dir - straight line The zap misses the gnoll sergeant.
The zap hits the gnoll.
The gnoll is almost dead.
The zap hits the gnoll.
You kill the gnoll!
The gnoll sergeant hits you from afar with a +3 spear of distortion!
You blink.
The gnoll misses you.
Unknown command.
Casting: Shock (safe; 1% risk of failure)
Confirm with . or Enter, or press ? or * to list all spells.
Aiming: Shock (safe; 1% risk of failure)
Press: ? - help, Shift-Dir - straight line, f - gnoll
Aim: a gnoll, wielding a +0 halberd of protection (moderately wounded, 77% to hit)
Okay, then.
Casting: Shock (safe; 1% risk of failure)
Confirm with . or Enter, or press ? or * to list all spells.
The gnoll sergeant is struck by an arc of lightning.
The gnoll sergeant is lightly wounded.
You are struck by an arc of lightning.
The gnoll sergeant is struck by an arc of lightning.
The gnoll sergeant is moderately wounded.
You are struck by an arc of lightning.
The lightning grounds out.
The gnoll sergeant closely misses you. The gnoll completely misses you.
The gnoll closely misses you.
Unknown command.
You feel yourself speed up.
The gnoll sergeant hits you with a +3 spear of distortion!
Space warps around you. The gnoll closely misses you.
The gnoll sergeant hits you from afar with a +3 spear of distortion.
* * * LOW HITPOINT WARNING * * *
The gnoll hits you with a +0 halberd of protection!
You die...

# #...#.#.##.# #.....#
##.......
#.....#.##.###.###.#
##.....#
#...###.#≈≈≈≈≈≈≈≈≈.#
##...## #..##
#.#≈##≈≈≈##≈.# ##'##
#..####.#≈#######≈.#
#.#
#.......#≈≈#./.#≈≈##
#.#
##.######≈≈#.)g#≈≈#
##.## #.# #≈≈#g..#≈≈#
##...## #.#
#≈###@###≈# #.....#
#####.#
#≈##≈.≈##≈#######...##
......#
#≈≈≈≈.≈≈≈≈............
#######
#####......###########
######## #


You could see a gnoll sergeant and a gnoll.

Vanquished Creatures
  An elf zombie (Ossuary)
  A scorpion (D:3)
  A howler monkey (D:3)
  4 centaur zombies (Ossuary)
  2 orc priests (D:3)
  2 orc wizards
  2 mummies (Ossuary)
  2 gnolls (D:4)
  4 adders
  3 adder zombies (Ossuary)
  2 worms
  8 orcs
  9 ball pythons
  8 endoplasms
  4 giant cockroaches (D:1)
  5 goblins
  6 hobgoblins
  4 kobolds
  A quokka (D:4)
  2 bats
  3 frilled lizards
  8 hobgoblin zombies (Ossuary)
  A jackal zombie (Ossuary)
  15 kobold zombies (Ossuary)
  4 orc zombies (Ossuary)
  6 rats
  A rat zombie (Ossuary)
109 creatures vanquished.

Notes
Turn   | Place    | Note
-------+----------+-------------------------------------------
     0 | D:1      | 112233 the Tengu Air Elementalist began the quest for the
                  | Orb.
     0 | D:1      | Reached XP level 1. HP: 10/10 MP: 4/4
   228 | D:1      | Reached XP level 2. HP: 15/15 MP: 3/6
  1011 | D:1      | Reached XP level 3. HP: 16/19 MP: 0/7
  1110 | D:2      | Found Wiogaq's Jewellery Shoppe.
  1744 | D:3      | Noticed a scorpion
  1758 | D:3      | Killed a scorpion
  1759 | D:3      | Reached skill level 5 in Air Magic
  1759 | D:3      | Reached XP level 4. HP: 7/24 MP: 4/9
  1938 | D:3      | Gained mutation: Your magical nature lets you fly swiftly
                  | and evasively. [Tengu growth]
  1938 | D:3      | Reached XP level 5. HP: 28/28 MP: 7/10
  2186 | D:3      | Learned a level 2 spell: Static Discharge
  2186 | D:3      | Found a faded altar of an unknown god.
  2207 | D:3      | Learned a level 4 spell: Airstrike
  2235 | D:3      | Found Binwuot's Book Shoppe.
  2382 | D:3      | Reached XP level 6. HP: 32/32 MP: 5/11
  2581 | D:3      | Found a stormy altar of Qazlal.
  2582 | D:3      | Found a glowing golden altar of the Shining One.
  2964 | D:4      | Found a sand-covered staircase.
  2972 | Ossuary  | Entered an ossuary
  3453 | Ossuary  | Reached skill level 1 in Fighting
  3572 | Ossuary  | Reached XP level 7. HP: 35/38 MP: 6/13
  3634 | Ossuary  | Reached skill level 6 in Air Magic
  4735 | D:4      | Reached skill level 5 in Conjurations
  4739 | D:4      | Slain by a gnoll

Illustrated notes

Levels and vault maps discovered:
D:1:      dpeg_arrival_tiny_a, layout_basic
D:2:      layout_rooms, serial_shops, shop, st_stairs_4
D:3:      layout_loops_cross, jmf_multi_god_temple,
          nicolae_ecumenical_lake_church, serial_shops, shop_statue,
          chequers_arboretum
D:4:      layout_loops_corners, nicolae_ossuary_entry_monument, lightli_minifort

Skill      XL: |  1  2  3  4  5  6  7 |
---------------+----------------------+-----
Conjurations   | 2 3 4 5 |  5.0
Dodging        | 3 4 |  4.5
Air Magic      | 5 6 |  6.2
Spellcasting   | 3 |  3.8
Fighting       | 1 |  1.6
Stealth        | |  2.0

Action                     |  1- 3 |  4- 6 |  7- 9 || total
---------------------------+-------+-------+-------++-------
  Melee: Long sword        |     6 |     4 |     7 ||    17
         Kick              |     2 |       |     4 ||     6
         Peck              |       |       |     1 ||     1
   Fire: Sling             |     5 |     2 |       ||     7
   Cast: Shock             |    76 |   106 |    54 ||   236
         Static Discharge  |       |       |    10 ||    10
    Use: Potion            |     2 |     3 |     1 ||     6
   Stab: Sleeping          |       |       |     1 ||     1
 Armour: Robe              |     3 |     5 |     1 ||     9
  Dodge: Dodged            |    18 |    20 |    35 ||    73

Table legend: (Time is in decaauts)
 A = Elapsed time spent in this place.
 B = Non-inter-level travel time spent in this place.
 C = Inter-level travel time spent in this place.
 D = Time resting spent in this place.
 E = Time spent auto-exploring this place.
 F = Levels seen in this place.
 G = Mean time per level.
                   A        B        C        D        E       F      G
               +--------+--------+--------+--------+--------+-----+--------+
         Total |   4615 |   4521 |     94 |    364 |   3601 |   5 |  923.0 |
       Dungeon |   3544 |   3450 |     94 |    138 |   2920 |   4 |  886.0 |
       Ossuary |   1071 |   1071 |      0 |    226 |    680 |   1 | 1071.0 |
               +--------+--------+--------+--------+--------+-----+--------+

Top non-repeatable levels by time:
     D:3: 1133 daAuts
     D:1: 1077 daAuts
 Ossuary: 1071 daAuts
     D:2: 670 daAuts
     D:4: 662 daAuts
